 Dungeon Crawl Stone Soup version 0.29-a0-392-g297d3b089c (webtiles) character file.

Game seed: 11262379932932908385

77 sssmoke the Covered (level 4, -2/40 HPs)
             Began as a Minotaur Fighter on May 8, 2022.
             Slain by a gnoll
             ... wielding a +0 club
              (8 damage)
             ... on level 1 of the Dungeon.
             The game lasted 00:41:22 (3083 turns).

sssmoke the Covered (Minotaur Fighter)              Turns: 3083, Time: 00:41:23

Health: -2/40      AC:  7    Str: 23    XL:     4   Next: 14%
Magic:  3/3        EV:  9    Int:  5    God:
Gold:   132        SH:  9    Dex:  9    Spells: 3/3 levels left

rFire   . . .      SeeInvis .   a - +0 war axe
rCold   . . .      Faith    .   c - +0 buckler
rNeg    . . .      Spirit   .   b - +0 scale mail
rPois   .          Reflect  +   (helmet restricted)
rElec   .          Harm     .   (no cloak)
rCorr   .          Rampage  .   (no gloves)
Will    .....                   (no boots)
Stlth   ..........              h - amulet of reflection
HPRegen 0.13/turn               (no ring)
MPRegen 0.08/turn               (no ring)

@: no status effects
A: horns 2, retaliatory headbutt
a: no special abilities


You were on level 1 of the Dungeon.
You visited 1 branch of the dungeon, and saw 3 of its levels.

You collected 132 gold pieces.

Inventory:

Hand Weapons
 a - a +0 war axe (weapon)
 g - a +2 dagger of venom
 j - a +0 dagger
 k - a +0 whip
 l - a +0 dagger
 n - a +0 hand axe
 o - a +0 dagger
 p - a +0 club
 r - a +0 club
 u - a +0 dagger
 w - a +0 whip
 x - a +0 falchion
 B - a +0 club
 D - a +0 whip
 E - a +0 club
 F - a +0 dagger
 H - a +0 dagger
 L - a +0 dagger
 M - a +0 dagger
 O - a +0 dagger
 Q - a +0 dagger
Missiles
 e - 108 stones
 s - 17 poisoned darts (quivered)
Armour
 b - a +0 scale mail (worn)
 c - a +0 buckler (worn)
 A - a +0 ring mail of poison resistance
 C - a +0 leather armour
 G - a +0 robe
 I - a +0 chain mail
 K - a +0 leather armour
 N - a +0 ring mail
Jewellery
 h - an amulet of reflection (around neck)
Scrolls
 f - a scroll of fear {unknown}
 i - a scroll of blinking {unknown}
 m - 2 scrolls of noise {unknown}
 t - a scroll of immolation {unknown}
 v - 2 scrolls of identify {unknown}
 y - 5 scrolls of teleportation {unknown}
 J - a scroll of torment {unknown}
Potions
 d - a potion of might
 q - a potion of brilliance {unknown}
 z - a potion of degeneration {unknown}
 P - a potion of mutation {unknown}


   Skills:
 + Level 4.0 Fighting
 + Level 3.2 Axes
 + Level 1.3 Throwing
 + Level 4.5 Armour
 + Level 0.3 Dodging
 + Level 0.1 Stealth
 + Level 4.0 Shields


You had 3 spell levels left.
You didn't know any spells.
Your spell library contained the following spells:

 Spells                   Type           Power      Damage    Failure   Level
 Shock                    Conj/Air       0%         1d3       86%         1
 Swiftness                Air            0%         N/A       99%         3
 Airstrike                Air            0%         N/A       100%        4


Dungeon Overview and Level Annotations

Branches:
Dungeon (3/15)

Altars:


Innate Abilities, Weirdness & Mutations

You have a pair of horns on your head.
You reflexively headbutt those who attack you in melee.


Message History

A gnoll comes into view. It is wielding a +0 club.
You throw a stone. The stone hits the gnoll.
The gnoll is lightly wounded.
You throw a stone.
The stone hits the gnoll but does no damage.
The gnoll is lightly wounded.
The gnoll hits you from afar with a +0 spear.
You are too injured to fight recklessly!
You are too injured to fight recklessly!
You are too injured to fight recklessly!
The gnoll hits you but does no damage.
Found 14 gold pieces.
The gnoll hits you from afar with a +0 spear.
You block the gnoll's attack.
You see here 15 gold pieces.
The gnoll attacks as you move away! The gnoll hits you but does no damage.
The gnoll attacks as you move away! You block the gnoll's attack.
The gnoll hits you with a +0 club. The gnoll attacks as you move away!
The gnoll barely misses you. You furiously retaliate!
You headbutt the gnoll. The gnoll hits you with a +0 club.
The gnoll attacks as you move away! The gnoll hits you but does no damage.
You see here a bat corpse.
There is a stone staircase leading up here.
The gnoll hits you but does no damage.
You climb upwards.
There is a stone staircase leading down here.
The gnoll hits you with a +0 club.
* * * LOW HITPOINT WARNING * * *
The gnoll attacks as you move away! The gnoll hits you with a +0 club!
* * * LOW HITPOINT WARNING * * *
There is a stone staircase leading up here.
The gnoll hits you but does no damage.
You climb upwards.
There is a stone staircase leading down here.
You barely miss the gnoll. Your headbutt misses the gnoll.
The gnoll is moderately wounded.
The gnoll closely misses you. You furiously retaliate!
You headbutt the gnoll. The gnoll hits you with a +0 club!
You die...

####+#......#######.#....#.
#.........# #.##...#. #.........#
#.##...#. #.._...#..# #.##...#.
#.....##..# #.##...#. #.....##..#
#.##...#. ##.##.....# #.##...#.
##########.#####..#######.#....#.
................@g........###..#.
##########.###################.#.
#.#...................#.
#.#†###################. #.#.# #.
#.#.# #. #.#.# #. #.#.# #.
#.#.###################.


You could see a gnoll.

Vanquished Creatures
  2 adders (D:3)
  A dart slug (D:1)
  5 ball pythons
  3 endoplasms (D:1)
  3 giant cockroaches
  9 goblins
  3 hobgoblins (D:1)
  6 quokkas
  6 bats
  A frilled lizard (D:2)
  5 kobolds
  8 rats
52 creatures vanquished.

Notes
Turn   | Place    | Note
-------+----------+-------------------------------------------
     0 | D:1      | sssmoke the Minotaur Fighter began the quest for the Orb.
     0 | D:1      | Reached XP level 1. HP: 19/19 MP: 0/0
   250 | D:1      | Reached XP level 2. HP: 20/27 MP: 1/1
   854 | D:1      | Found a faded altar of an unknown god.
  1206 | D:1      | Reached XP level 3. HP: 33/33 MP: 2/2
  2080 | D:2      | Reached skill level 1 in Throwing
  3026 | D:3      | Reached XP level 4. HP: 33/40 MP: 3/3
  3083 | D:1      | Slain by a gnoll

Illustrated notes

Levels and vault maps discovered:
D:1:      minmay_arrival_shattered_statue, layout_basic,
          ebering_ecumenical_altar_sacrificial
D:2:      layout_basic
D:3:      layout_rooms

Skill      XL: |  1  2  3 |
---------------+----------+-----
Armour         | 4 |  4.5
Axes           | 3 |  3.2
Shields        | 4 |  4.0
Throwing       | 1 |  1.3
Fighting       | 4 |  4.0
Dodging        | |  0.3
Stealth        | |  0.1

Action                   |  1- 3 |  4- 6 || total
-------------------------+-------+-------++-------
Melee: War axe           |    84 |     8 ||    92
       Headbutt          |     9 |       ||     9
Throw: Boomerang         |    44 |       ||    44
       Stone             |    22 |     3 ||    25
Armor: Scale mail        |    46 |     8 ||    54
Dodge: Dodged            |    38 |     5 ||    43
Block: Buckler           |    32 |     6 ||    38
       Reflection        |     1 |       ||     1

Table legend: (Time is in decaauts)
 A = Elapsed time spent in this place.
 B = Non-inter-level travel time spent in this place.
 C = Inter-level travel time spent in this place.
 D = Time resting spent in this place.
 E = Time spent auto-exploring this place.
 F = Levels seen in this place.
 G = Mean time per level.
                   A        B        C        D        E       F      G
               +--------+--------+--------+--------+--------+-----+--------+
         Total |   3137 |    615 |   2522 |      0 |      0 |   3 | 1045.7 |
       Dungeon |   3137 |    615 |   2522 |      0 |      0 |   3 | 1045.7 |
               +--------+--------+--------+--------+--------+-----+--------+

Top non-repeatable levels by time:
     D:1: 1914 daAuts
     D:2: 1014 daAuts
     D:3: 208 daAuts
